 Dungeon Crawl Stone Soup version 0.26-a0-837-g5a8a614f01 (webtiles) character file.

Game seed: 6231282322416933028

9212 RaHiT the Covert (level 11, 0/72 HPs)
             Began as an Octopode Delver on Nov 18, 2020.
             Was an Elder of Cheibriados.
             Slain by a cyclops (32 damage)
             ... on level 11 of the Dungeon.
             The game lasted 01:13:06 (12453 turns).

RaHiT the Covert (Octopode Delver)                 Turns: 12453, Time: 01:13:06

Health: 0/72       AC:  3    Str: 22    XL:     11   Next: 43%
Magic:  25/25      EV: 19    Int: 30    God:    Cheibriados [****..]
Gold:   601        SH:  0    Dex: 22    Spells: 18/20 levels left

rFire    . . .     SeeInvis +     - Unarmed
rCold    . . .     Faith    .   (no shield)
rNeg     . . .     Spirit   .   (helmet restricted)
rPois    .         Reflect  .   (no amulet)
rElec    .         Harm     .   p - ring of resist corrosion
rCorr    +         Rampage  .   v - ring of stealth
MR       .....                  w - ring of magical power
Stlth    +++++++...             F - +6 ring of intelligence
HPRegen  0.22/turn              (no ring)
MPRegen  0.19/turn              (no ring)
                                (no ring)
                                (no ring)

@: very slow
A: almost no armour, stealthy swim, amphibious, 8 rings, constrict 8, slimy
green scales 1, camouflage 1, see invisible, low mp 1, gelatinous body 1
a: Bend Time, Temporal Distortion, Slouch, Renounce Religion


You were on level 11 of the Dungeon.
You worshipped Cheibriados.
Cheibriados was greatly pleased with you.
You visited 2 branches of the dungeon, and saw 12 of its levels.

You collected 601 gold pieces.

Inventory:

Missiles
 i - 384 stones
 k - 154 arrows
 o - 10 poisoned darts
 t - 50 sling bullets
 u - 98 bolts
 D - 4 silver boomerangs (quivered)
Jewellery
 p - a ring of resist corrosion (left tentacle)
 v - a ring of stealth (right tentacle)
 w - a ring of magical power (on tentacle)
 F - a +6 ring of intelligence (on tentacle)
Wands
 d - a wand of iceblast (9)
 e - a wand of digging (2)
 l - a wand of flame (41)
 B - a wand of polymorph (5)
 E - a wand of paralysis (7)
Scrolls
 a - 3 scrolls of fog
 c - 2 scrolls of fear
 f - 5 scrolls of amnesia
 m - 4 scrolls of remove curse
 n - 3 scrolls of enchant weapon
 s - 6 scrolls of teleportation
 x - 2 scrolls of enchant armour
 y - 3 scrolls of immolation
 z - a scroll of vulnerability {unknown}
 G - a scroll of blinking {unknown}
 H - a scroll of magic mapping
 J - a scroll of identify
 K - a scroll of random uselessness {unknown}
Potions
 h - 2 potions of curing
 j - a potion of might
 q - a potion of attraction
 r - 4 potions of invisibility
 A - a potion of magic
 I - a potion of mutation
Miscellaneous
 b - a phantom mirror (inert)


   Skills:
 - Level 6.0 Fighting
 + Level 6.8 Throwing
 - Level 7.0 Dodging
 - Level 10.0 Stealth
 - Level 6.0 Unarmed Combat
 - Level 5.0 Spellcasting
 - Level 9.0 Invocations
 - Level 6.0 Evocations


You had 18 spell levels left.
You knew the following spells:

 Your Spells              Type           Power        Failure   Level
a - Animate Skeleton      Necr           #.....       6%          1
o - Apportation           Tloc           #.....       6%          1

Your spell library contained the following spells:

 Spells                   Type           Power        Failure   Level
 Corona                   Hex            #......      6%          1
 Pain                     Necr           #...         6%          1
 Summon Small Mammal      Summ           #...         6%          1
 Vampiric Draining        Necr           #.........   17%         3
 Animate Dead             Necr           #.........   50%         4
 Agony                    Necr           #.......     85%         5


Dungeon Overview and Level Annotations

Branches:
Dungeon (11/15)            Temple (1/1) D:5            Lair (0/6) D:10
    Orc (0/2) D:11

Altars:
Ashenzari
Cheibriados
Dithmenos
Elyvilon
Fedhas
Gozag
Hepliaklqana
Kikubaaqudgha
Makhleb
Nemelex Xobeh
Okawaru
Qazlal
Ru
Sif Muna
Trog
Uskayaw
Vehumet
Wu Jian
Xom
Yredelemnul
Zin
The Shining One

Shops:
D:10 (

Annotations:
D:2 Natasha
D:4 Duvessa
D:6 2 runed translucent doors, ShansongY's ghost, novice HOAK
D:8 Harold


Innate Abilities, Weirdness & Mutations

You cannot wear most types of armour.
You are very stealthy in the water. (Stealth+)
You are amphibious.
You can wear up to eight rings at the same time.
You can use your tentacles to constrict eight enemies at once.
Your skin changes colour to match your surroundings (Stealth+).
Your rubbery body absorbs attacks. (AC +1, EV +1)
You are partially covered in slimy green scales. (AC +2)
You have supernaturally acute eyesight. (SInv)
Your magical capacity is low. (-10% MP)


Message History

Okay, then.
HP restored.
i - 384 stones (gained 19)
Found 21 gold pieces.
A cyclops comes into view.
You see here 21 gold pieces.
The helpless cyclops fails to defend itself.
You bludgeon the cyclops!
The cyclops is moderately wounded.
The cyclops hits you!!
You tentacle-slap the cyclops but do no damage.
You squeeze the cyclops, but do no damage.
The cyclops is moderately wounded.
You tentacle-slap the cyclops.
The cyclops is moderately wounded.
The cyclops hits you!
You tentacle-slap the cyclops. You squeeze the cyclops!
The cyclops is severely wounded.
The cyclops hits you!!
You die...

......#.#######**,* #,* #.
.°....#.# #.## *.# #. ......#.#
****#..###.* #.
.....##.#****,,,......,*########.
....#*#..,,,,,,,,....,,,......##.
...#* #.#****,***#..#**,****#....
#.#****.# *,* #..# *,* #..#.
*,,,,,*,*####.####..###.# #..##
*****,*,,......C@..$....#####..#
*,,,,....#####..##.........#
*****#**** #........###.##
##.###.#.###.### #.# #..........
#.# #####...... #.# ###.###
#.#########)# #...........#


You could see a cyclops.

Vanquished Creatures
  3 two-headed ogres
  A centaur skeleton (D:11)
  A troll (D:9)
  Prince Ribbit (D:6)
  A vampire (D:10)
  2 wraiths (D:10)
  A wyvern (D:10)
  Menkaure (D:4)
  A soldier ant (D:5)
  4 orc warriors
  A necrophage (D:6)
  A sky beast (D:8)
  6 ice beasts
  A black bear (D:6)
  7 ogres
  3 phantoms
  4 centaurs
  A big kobold (D:9)
  6 bullfrogs
  5 scorpions
  9 killer bees
  3 howler monkeys
  A bullfrog zombie (D:5)
  2 centaur zombies (D:5)
  6 hounds
  A quasit (D:10)
  8 orc priests
  3 jellies
  A bullfrog skeleton (D:6)
  Ijyb (D:4)
  3 iguanas
  11 orc wizards
  17 worker ants
  2 hound zombies (D:8)
  3 hound skeletons
  A howler monkey zombie (D:9)
  4 gnolls (D:7)
  2 howler monkey skeletons
  14 adders
  A shadow imp (D:5)
  2 white imps
  3 ufetubi
  2 adder skeletons
  3 adder zombies
  A worm (D:2)
  A dart slug (D:1)
  6 leopard geckos
  38 orcs
  8 bats
  15 giant cockroaches
  4 goblins
  9 hobgoblins
  4 jackals
  3 quokkas
  A ball python (D:3)
  4 frilled lizards
  2 giant cockroach zombies (D:3)
  10 kobolds
  A leopard gecko zombie (D:5)
  4 quokka skeletons
  A quokka zombie (D:5)
  11 rats
  A butterfly (D:5)
278 creatures vanquished.

Vanquished Creatures (collateral kills)
  A two-headed ogre (D:9)
  A bullfrog skeleton (D:9)
2 creatures vanquished.

Vanquished Creatures (others)
  An orc (D:10)
  9 plants (D:3)
  4 withered plants (D:3)
14 creatures vanquished.

Grand Total: 294 creatures vanquished

Notes
Turn   | Place    | Note
-------+----------+-------------------------------------------
     0 | D:5      | RaHiT the Octopode Delver began the quest for the Orb.
     0 | D:5      | Reached XP level 1. HP: 16/16 MP: 1/1
    67 | D:5      | Reached skill level 7 in Stealth
    67 | D:5      | Reached XP level 2. HP: 12/21 MP: 2/2
   226 | D:5      | Noticed an ice beast
   240 | D:4      | Noticed Menkaure
   247 | D:4      | Killed Menkaure
   248 | D:4      | Reached XP level 3. HP: 15/26 MP: 3/3
   248 | D:4      | Reached XP level 4. HP: 18/31 MP: 4/4
   248 | D:4      | Reached XP level 5. HP: 21/36 MP: 5/5
   266 | D:4      | Noticed Ijyb
   278 | D:4      | Killed Ijyb
   279 | D:4      | Reached skill level 5 in Unarmed Combat
   510 | D:2      | Noticed Natasha
  1464 | D:1      | Gained mutation: You are partially covered in slimy green
                  | scales. (AC +2) [potion of mutation]
  1464 | D:1      | Gained mutation: Your magical capacity is low. (-10% MP)
                  | [potion of mutation]
  1464 | D:1      | Gained mutation: You have supernaturally acute eyesight.
                  | (SInv) [potion of mutation]
  2171 | D:3      | Reached skill level 1 in Spellcasting
  2171 | D:3      | Reached XP level 6. HP: 37/42 MP: 6/6
  2694 | D:3      | Reached skill level 1 in Throwing
  3082 | D:3      | Learned a level 1 spell: Apportation
  3084 | D:3      | Learned a level 1 spell: Animate Skeleton
  3361 | D:4      | Found a stormy altar of Qazlal.
  3470 | D:4      | Noticed Duvessa
  3701 | D:4      | Reached XP level 7. HP: 46/46 MP: 9/9
  3994 | D:5      | Found a runed translucent door.
  3996 | D:5      | Noticed a soldier ant
  4012 | D:5      | Found a runed translucent door.
  4281 | D:5      | Reached skill level 8 in Stealth
  4309 | D:5      | Reached XP level 8. HP: 30/52 MP: 9/9
  4481 | D:5      | Found a staircase to the Ecumenical Temple.
  4487 | Temple   | Entered the Ecumenical Temple
  4814 | Temple   | Became a worshipper of Cheibriados the Contemplative
  5105 | D:5      | Reached skill level 5 in Dodging
  5303 | D:5      | Reached skill level 9 in Stealth
  5339 | D:5      | Reached * piety under Cheibriados
  5605 | D:6      | Reached skill level 10 in Stealth
  5678 | D:6      | Noticed Prince Ribbit
  5745 | D:6      | Reached XP level 9. HP: 54/59 MP: 10/10
  5765 | D:6      | Reached skill level 5 in Fighting
  6090 | D:6      | Killed Prince Ribbit
  6373 | D:6      | Found a large runed translucent door.
  6373 | D:6      | Found a large runed translucent door.
  6375 | D:6      | Noticed ShansongY's ghost (novice HOAK)
  6578 | D:7      | Reached skill level 5 in Throwing
  6630 | D:7      | Reached ** piety under Cheibriados
  6658 | D:7      | Found an ornate altar of the Wu Jian Council.
  6700 | D:7      | Reached skill level 1 in Evocations
  7967 | D:8      | Found a burning altar of Makhleb.
  8001 | D:8      | Reached skill level 5 in Evocations
  8078 | D:8      | Reached XP level 10. HP: 68/68 MP: 11/11
  8101 | D:8      | Reached *** piety under Cheibriados
  8227 | D:8      | Reached skill level 1 in Invocations
  8720 | D:8      | Noticed Harold
  8948 | D:8      | Reached skill level 5 in Invocations
  9057 | D:8      | You fall into a shaft and drop 3 floors!
  9071 | D:11     | Noticed a two-headed ogre
  9214 | D:10     | Entered Level 10 of the Dungeon
  9235 | D:10     | Noticed a two-headed ogre
  9835 | D:9      | Noticed a two-headed ogre
  9844 | D:9      | Killed a two-headed ogre
 10021 | D:9      | Noticed a two-headed ogre
 10695 | D:10     | Found a staircase to the Lair.
 10800 | D:10     | Found Peelesh's Weapon Boutique.
 11247 | D:10     | Reached XP level 11. HP: 54/72 MP: 15/15
 11644 | D:10     | Noticed a two-headed ogre
 11654 | D:10     | Killed a two-headed ogre
 11655 | D:10     | Reached skill level 5 in Spellcasting
 11696 | D:10     | Reached **** piety under Cheibriados
 11837 | D:10     | Killed a two-headed ogre
 12315 | D:11     | Killed a two-headed ogre
 12445 | D:11     | Noticed a cyclops
 12453 | D:11     | Slain by a cyclops

Illustrated notes

Levels and vault maps discovered:
D:1:      kilobyte_arrival_exit_the_forest, layout_basic, minmay_tetromino_i2
D:2:      layout_loops_ring, uniq_natasha
D:3:      layout_rooms, serial_undead, serial_undead_a, serial_undead_a,
          serial_undead_e, serial_undead_b, st_stairs_3, serial_bayou_crossing
D:4:      layout_basic, grunt_qazlal_sundering, uniq_menkaure, uniq_duvessa,
          uniq_ijyb
D:5:      lemuel_insect_pit, layout_loops_cross,
          minmay_temple_entry_enclosed_plants, chequers_serial_rivers_room_b
D:6:      layout_cave_pools, ebering_ghost_disaster_area, uniq_prince_ribbit1
D:7:      layout_cave_pools, nicolae_overflow_crystal_walls
D:8:      layout_loops_ring, basic_altar, uniq_harold
D:9:      layout_basic
D:10:     lemuel_upstairs_altar, layout_loops_ring, lair_entry_dummy,
          serial_shops, kennysheep_little_box, chequers_avenue,
          grunt_decor_mini_mirrors
D:11:     layout_loops_ring, kennysheep_orc_monster_closet_entryway,
          ebering_ghost_gozag
Temple:   regret_index_temple_sigil_plot

Skill      XL: |  1  2  3  4  5  6  7  8  9 10 11 |
---------------+----------------------------------+-----
Stealth        | 7 8 10 | 10.0
Unarmed Combat | 4 5 6 |  6.0
Spellcasting   | 1 2 3 5 |  5.0
Throwing       | 2 3 6 |  6.8
Dodging        | 4 6 7 |  7.0
Fighting       | 4 6 |  6.0
Evocations     | 5 6 |  6.0
Invocations    | 8 9 |  9.0

Action                   |  1- 3 |  4- 6 |  7- 9 | 10-12 || total
-------------------------+-------+-------+-------+-------++-------
Melee: Unarmed           |    17 |   181 |   241 |   262 ||   701
       Constrict         |     3 |    44 |    54 |    42 ||   143
       Tentacles         |     3 |    22 |    57 |    96 ||   178
       Punch             |       |     3 |    10 |    25 ||    38
Throw: Boomerang         |       |    22 |    42 |    36 ||   100
       Dart              |       |    27 |    44 |    43 ||   114
       Stone             |       |     1 |    50 |    28 ||    79
 Cast: Apportation       |       |    17 |    44 |     8 ||    69
       Animate Skeleton  |       |       |     9 |     8 ||    17
Evoke: Wand              |       |     1 |     3 |     3 ||     7
       Phantom mirror    |       |       |       |     1 ||     1
  Use: Potion            |     1 |     1 |       |     1 ||     3
       Scroll            |       |     7 |     7 |     5 ||    19
 Stab: Sleeping          |     2 |    18 |     8 |    17 ||    45
       Distracted        |       |     1 |     3 |     2 ||     6
Armor: Skin              |       |    11 |    16 |    27 ||    54
Dodge: Dodged            |     9 |    66 |   153 |   205 ||   433

Table legend: (Time is in decaauts)
 A = Elapsed time spent in this place.
 B = Non-inter-level travel time spent in this place.
 C = Inter-level travel time spent in this place.
 D = Time resting spent in this place.
 E = Time spent auto-exploring this place.
 F = Levels seen in this place.
 G = Mean time per level.
                   A        B        C        D        E       F      G
               +--------+--------+--------+--------+--------+-----+--------+
         Total |  14493 |  13973 |    520 |   3671 |   2545 |  12 | 1207.8 |
       Dungeon |  14126 |  13676 |    450 |   3671 |   2251 |  11 | 1284.2 |
        Temple |    367 |    297 |     70 |      0 |    294 |   1 |  367.0 |
               +--------+--------+--------+--------+--------+-----+--------+

Top non-repeatable levels by time:
    D:10: 2320 daAuts
     D:5: 1831 daAuts
     D:8: 1529 daAuts
     D:6: 1495 daAuts
     D:9: 1435 daAuts
     D:7: 1204 daAuts
     D:3: 1113 daAuts
     D:2: 874 daAuts
     D:1: 858 daAuts
     D:4: 771 daAuts
    D:11: 691 daAuts
  Temple: 367 daAuts
